 Dungeon Crawl Stone Soup version 0.21-a0-37-g7dc85f4 (webtiles) character file.

25 blackwizard the Sneak (level 2, 0/19 HPs)
             Began as a Vampire Air Elementalist on May 28, 2017.
             Slain by a goblin
             ... wielding a +0 dagger
             ... led by Robin
              (2 damage)
             ... on level 2 of the Dungeon.
             The game lasted 00:07:44 (1147 turns).

blackwizard the Sneak (Vampire Air Elementalist)    Turns: 1147, Time: 00:07:45

Health: 0/19       AC:  6    Str:  7    XL:     2   Next: 86%
Magic:  2/5        EV:  8    Int: 17    God:
Gold:   52         SH:  0    Dex: 14    Spells: 4/5 levels left

rFire    + . .     SeeInvis +   k - +0 short sword
rCold    + + .     Gourm    .   (no shield)
rNeg     + + +     Faith    .   m - +0 scale mail
rPois    +         Spirit   .   (no helmet)
rElec    .         Reflect  .   e - scarf {rC+ rF+}
rCorr    .         Harm     .   (no gloves)
MR       .....                  (no boots)
Stlth    ++........             (no amulet)
Regen    0.1/turn               o - ring of positive energy
MPRegen  0.1/turn               (no ring)

@: very slightly contaminated, regenerating slowly
A: fangs 3, see invisible, unbreathing
a: no special abilities


You were on level 2 of the Dungeon.
You were thirsty.

You visited 1 branch of the dungeon, and saw 2 of its levels.

You collected 52 gold pieces.

Inventory:

Hand Weapons
 d - a +0 dagger
 k - a +0 short sword (weapon)
Missiles
 f - 29 arrows
 h - 7 stones (quivered)
Armour
 a - a +0 robe
 e - a scarf of resistance (worn)
 m - a +0 scale mail (worn)
 n - a +0 leather armour
 s - a cursed +0 leather armour
 t - a +0 leather armour
Jewellery
 o - a ring of positive energy (left hand)
 v - a +6 ring of protection {unknown}
Scrolls
 g - a scroll of remove curse {unknown}
 j - a scroll of identify {unknown}
 l - a scroll of recharging {unknown}
 p - a scroll of fear {unknown}
 u - a scroll of magic mapping {unknown}
Potions
 c - 8 potions of blood
 q - a potion of brilliance {unknown}
Books
 b - a book of Air

   Spells                             Type                      Level
   a - Shock                          Conjuration/Air              1
   b - Swiftness                      Charms/Air                   2
   c - Static Discharge               Conjuration/Air              3
   d - Airstrike                      Air                          4
   e - Lightning Bolt                 Conjuration/Air              5
Comestibles
 i - 2 bread rations
 r - 2 meat rations


   Skills:
 + Level 0.1 Fighting
 + Level 0.4 Short Blades
 + Level 2.5 Dodging
 + Level 3.4 Stealth
 + Level 2.2 Spellcasting
 + Level 0.7 Conjurations
 + Level 3.3 Air Magic


You had 4 spell levels left.
You knew the following spells:

 Your Spells              Type           Power        Failure   Level  Hunger
a - Shock                 Conj/Air       #...         73%         1    #......


Dungeon Overview and Level Annotations

Branches:
Dungeon (2/15)

Altars:

Annotations:
D:2 Robin


Innate Abilities, Weirdness & Mutations

You heal slowly.
You have razor-sharp teeth.
You have supernaturally acute eyesight. (SInv)
You can survive without breathing.


Message History

You kill the goblin!
The goblin hits you but does no damage. Robin hits you but does no damage.
Casting: Shock
Confirm with . or Enter, or press ? or * to list all spells.
Aiming: Shock
Press: ? - help, Shift-Dir - straight line, f/p - Robin
Aim: Robin, wielding a falchion, wearing an animal skin and wearing a helmet You miscast Shock.
Strange energies run through your body. The goblin hits you but does no damage.
The hobgoblin barely misses you. Robin closely misses you.
Casting: Shock
Confirm with . or Enter, or press ? or * to list all spells.
Aiming: Shock
Press: ? - help, Shift-Dir - straight line, f/p - Robin
Aim: Robin, wielding a falchion, wearing an animal skin and wearing a helmet You miscast Shock.
Nothing appears to happen.
The goblin hits you with a dagger.
* * * LOW HITPOINT WARNING * * *
The goblin hits you with a dagger.
You die...

###.##.###.###..#.###
#.##.###...........
#.##.##.......#.###
#....##.....###.##.
#..####.........#..
#..# ####.........
#..# #####..... #g)#
###..... #g@#
#####....#.. #gg#
#...........
#..#####.##.......?
#...†.gg...).#.###.
##.#####.###.#.# #.#
#.# #.#.# #.#
###.###g#.###. #..
....g......... ###
###.###..####.


You could see Robin, a hobgoblin and 2 goblins.

Vanquished Creatures
  A giant cockroach (D:2)
  5 goblins
  3 hobgoblins (D:1)
  3 jackals (D:1)
  5 bats
  4 kobolds (D:1)
  2 rats (D:1)
23 creatures vanquished.

Notes
Turn   | Place    | Note
-------+----------+-------------------------------------------
     0 | D:1      | blackwizard the Vampire Air Elementalist began the quest for the Orb.
     0 | D:1      | Reached XP level 1. HP: 13/13 MP: 3/3
   464 | D:1      | Reached XP level 2. HP: 9/19 MP: 1/5
  1105 | D:2      | Noticed Robin
  1147 | D:2      | Slain by a goblin

Vault maps used:
D:1:      lightli_arrival_lavapool
D:2:      nicolae_overflow_hidden_temple, first_bread, uniq_robin, uniq_natasha

Action                   || total
-------------------------++-------
Melee: Dagger            ||    24
       Unarmed           ||    15
       Bite              ||     3
       Short sword       ||    22
 Cast: Shock             ||    19
Armor: Robe              ||     5
       Scale mail        ||    45
Dodge: Dodged            ||    73
